 Dungeon Crawl Stone Soup version 0.30-a0-937-ga0a21ad780 (webtiles) character file.

Game seed: 10458549056984375668

134 arthad the Digger (level 5, -1/29 HPs)
             Began as a Gargoyle Earth Elementalist on Mar 24, 2023.
             Slain by an orc
             ... wielding a +0 flail
              (2 damage)
             ... on level 3 of the Dungeon.
             The game lasted 00:04:57 (2303 turns).

arthad the Digger (Gargoyle Earth Elementalist)     Turns: 2303, Time: 00:04:58

Health: -1/29      AC:  6    Str:  9 (12) XL:     5   Next: 17%
Magic:  9/9        EV: 17    Int: 16 (17) God:
Gold:   87         SH:  0    Dex:  9 (10) Spells: 8/9 levels left

rFire   . . .      SeeInvis .    f - staff of air
rCold   . . .      Faith    .    (no shield)
rNeg    + . .      Spirit   .    a - +0 robe
rPois   ∞          Reflect  .    (no helmet)
rElec   +          Rampage  .    (no cloak)
rCorr   .                        (no gloves)
Will    .....                    (no boots)
Stlth   ++                       (no amulet)
HPRegen 0.24/turn                l - ring of flight
MPRegen 0.11/turn                p - +5 ring of evasion

@: flying
A: sickness immunity, AC +4, negative energy resistance 1, electricity
resistance, torment resistance 1, petrification resistance, big wings, wild
magic 1
a: no special abilities


You were on level 3 of the Dungeon.
You visited 1 branch of the dungeon, and saw 4 of its levels.

You collected 87 gold pieces.

Inventory:

Hand Weapons
 g - a +2 dagger of holy wrath
Missiles
 c - 2 curare-tipped darts
 t - 4 poisoned darts
Armour
 a - a +0 robe (worn)
Magical Staves
 f - a staff of air (weapon)
Jewellery
 l - a ring of flight (left hand)
 p - a +5 ring of evasion (right hand)
Scrolls
 e - a scroll of poison {unknown}
 h - a scroll of amnesia {unknown}
 i - 2 scrolls of fear {unknown}
 k - a scroll of noise {unknown}
 m - 3 scrolls of identify {unknown}
 n - a scroll of brand weapon {unknown}
 o - 2 scrolls of blinking {unknown}
 q - a scroll of acquirement {unknown}
 r - a scroll of enchant armour {unknown}
 s - 2 scrolls of enchant weapon {unknown}


   Skills:
 + Level 1.3 Fighting
 + Level 2.1 Dodging
 + Level 2.9 Stealth
 * Level 2.9 Spellcasting
 + Level 1.5 Transmutations
 * Level 4.6 Earth Magic


You had 8 spell levels left.
You knew the following spells:

 Your Spells              Type           Power      Damage    Failure   Level
a - Sandblast             Erth           44%        2d11      4%          1

Your spell library contained the following spells:

 Spells                   Type           Power      Damage    Failure   Level
 Passwall                 Tmut/Erth      12%        N/A       12%         2
 Stone Arrow              Conj/Erth      24%        3d8       30%         3
 Petrify                  Tmut/Erth      15%        N/A       54%         4


Dungeon Overview and Level Annotations

Branches:
Dungeon (4/15)
 Temple: D:4-7

Altars:


Innate Abilities, Weirdness & Mutations

You are immune to sickness and miasma.
Your stone body is resilient. (AC +4)
You are immune to poison.
You resist negative energy. (rN+)
You are resistant to electric shocks. (rElec)
You are resistant to unholy torment.
You are immune to petrification.
Your large and strong wings let you fly.
Your spells are a little harder to cast, but a little more powerful.


Message History

There is an open door here.
You barely miss the orc.
The orc is lightly wounded.
The orc closely misses you.
You hit the orc.
The orc is moderately wounded.
The orc closely misses you.
The orc shouts!
The orc hits you but does no damage.
There is a stone staircase leading up here.
The orc hits you but does no damage.
You fly upwards.
There is a stone staircase leading down here.
Aiming: Sandblast (safe; 2% risk of failure)
Press: ? - help, Q - select action, (/) - cycle Shift-Dir - straight line, f - orc
Aim: an orc, wielding a +0 flail and wearing a +0 leather armour (82% to hit)
The blast of sand misses the orc.
The orc hits you with a +0 flail.
* * * LOW HITPOINT WARNING * * *
The orc misses you.
It was a potion of degeneration.
There was something very wrong with that liquid.
You feel weakened.
You feel dopey.
You feel clumsy. The orc hits you with a +0 flail.
* * * LOW HITPOINT WARNING * * *
The orc hits you with a +0 club.
* * * LOW HITPOINT WARNING * * *
It was a potion of mutation.
You feel extremely strange.
Your wings grow larger and stronger.
You feel less in control of your magic. The orc barely misses you.
The orc closely misses you. Magic courses through your body.
The orc completely misses you. The orc misses you.
Casting: Sandblast (safe; 4% risk of failure)
Confirm with . or Enter, or press ? or * to list all spells.
Aiming: Sandblast (safe; 4% risk of failure)
Press: ? - help, Shift-Dir - straight line, f/p - orc
Aim: an orc, wielding a +0 flail and wearing a +0 leather armour (83% to hit)
The blast of sand hits the orc but does no damage.
The orc hits you with a +0 flail.
You die...

#....# ####.# ############
###.# ##### #..).#....)# #...#
#...# #.##.#.###)# #.### #.#.#
#.##...# #.# #.# #.#.#
#....### #.# #.# ###.#†##
####.# #.###### #.# #...#...
#.# #.##@o.###.#####.####
####'## #.##o#...............
#.....# #.##.#........#######
#.....# #....#.####.........#
#.....# ####.#.# #......##.#
#.....#### #.#.####......##.#
#........# #.#.#.........##..
#.....##.# #.#<#.###.########
#.....##.####.###...#.........


You could see 2 orcs.

Vanquished Creatures
  An iguana (D:4)
  5 adders
  A worm (D:2)
  2 dart slugs
  An orc (D:4)
  5 endoplasms
  2 giant cockroaches (D:1)
  3 goblins
  9 hobgoblins
  A quokka (D:2)
  8 ball pythons
  5 bats
  A frilled lizard (D:1)
  6 kobolds
  7 rats
57 creatures vanquished.

Notes
Turn   | Place    | Note
-------+----------+-------------------------------------------
     0 | D:1      | arthad the Gargoyle Earth Elementalist began the quest for
                  | the Orb.
     0 | D:1      | Reached XP level 1. HP: 10/10 MP: 3/3
   136 | D:1      | Reached skill level 1 in Transmutations
   136 | D:1      | Reached XP level 2. HP: 12/15 MP: 0/5
   474 | D:1      | Reached skill level 4 in Earth Magic
   484 | D:1      | Reached XP level 3. HP: 19/19 MP: 0/6
  1163 | D:2      | Reached XP level 4. HP: 24/24 MP: 5/7
  1184 | D:2      | Reached skill level 1 in Fighting
  2276 | D:4      | Reached XP level 5. HP: 7/29 MP: 0/9
  2300 | D:3      | HP: 1/29 [orc/+0 club (1)]
  2301 | D:3      | Gained mutation: Your large and strong wings let you fly.
                  | [potion of mutation]
  2301 | D:3      | Gained mutation: Your spells are a little harder to cast,
                  | but a little more powerful. [potion of mutation]
  2303 | D:3      | Slain by an orc

Illustrated notes

Levels and vault maps discovered:
D:1:      nzn_arrival_water_spiral, layout_basic
D:2:      layout_basic
D:3:      layout_basic, serial_curves, eino_curves_03, eino_curves_03
D:4:      layout_cave_pools, serial_bayou, serial_bayou_pond_e,
          serial_bayou_pond_b, serial_bayou_shore_a, serial_bayou_shore_b,
          serial_bayou_pond_e, kennysheep_generic_room_10

Skill      XL: |  1  2  3  4 |
---------------+-------------+-----
Transmutations | 1 |  1.5
Earth Magic    | 4 |  4.6
Fighting       | 1 |  1.3
Dodging        | 2 |  2.1
Stealth        | |  2.9
Spellcasting   | |  2.9

Action                     |  1- 3 |  4- 6 || total
---------------------------+-------+-------++-------
  Melee: Unarmed           |    10 |       ||    10
         Staff             |    14 |    13 ||    27
   Cast: Sandblast         |    42 |    37 ||    79
    Use: Potion            |       |     4 ||     4
   Stab: Invisible         |       |     1 ||     1
 Armour: Robe              |     5 |     9 ||    14
  Dodge: Dodged            |    19 |    58 ||    77

Table legend: (Time is in decaauts)
 A = Elapsed time spent in this place.
 B = Non-inter-level travel time spent in this place.
 C = Inter-level travel time spent in this place.
 D = Time resting spent in this place.
 E = Time spent auto-exploring this place.
 F = Levels seen in this place.
 G = Mean time per level.
                   A        B        C        D        E       F      G
               +--------+--------+--------+--------+--------+-----+--------+
         Total |   2351 |   2284 |     67 |      0 |   1931 |   4 |  587.8 |
       Dungeon |   2351 |   2284 |     67 |      0 |   1931 |   4 |  587.8 |
               +--------+--------+--------+--------+--------+-----+--------+

Top non-repeatable levels by time:
     D:2: 856 daAuts
     D:1: 720 daAuts
     D:3: 710 daAuts
     D:4: 63 daAuts
